 Dungeon Crawl Stone Soup version 0.31-a0-431-g88bdf31460 (webtiles) character file.

Game seed: 13549170204998644929

191 Shayle the Insei (level 5, -4/41 HPs)
             Began as a Gnoll Shapeshifter on July 31, 2023.
             Killed by divine providence
             ... invoked by an orc priest
              (9 damage)
             ... on level 3 of the Dungeon.
             The game lasted 00:05:54 (2238 turns).

Shayle the Insei (Gnoll Shapeshifter)               Turns: 2238, Time: 00:05:55

Health: -4/41      AC:  5    Str: 14    XL:     5   Next: 70%
Magic:  7/7        EV: 12    Int:  8    God:
Gold:   122        SH:  0    Dex: 14    Spells: 7/7 levels left

rFire   . . .        q - +2 hand axe (vamp)
rCold   . . .        (no shield)
rNeg    . . .        o - +0 ring mail
rPois   .            (helmet currently unavailable)
rElec   .            (cloak currently unavailable)
rCorr   .            (gloves currently unavailable)
SInv    .            (boots currently unavailable)
Will    .....        (no amulet)
Stlth   +            (no ring)
HPRegen 0.26/turn    (no ring)
MPRegen 0.10/turn

%: no passive effects
@: beast-form, studying Short Blades
A: beast (slay +4), fangs 1, strong nose, distributed training
a: Begin Untransformation


You were on level 3 of the Dungeon.
You were a hulking beast.
You visited 1 branch of the dungeon, and saw 3 of its levels.

You collected 122 gold pieces.

Inventory:

Hand Weapons
 q - a +2 vampiric hand axe (weapon)
 r - a +1 flail of draining
Armour
 a - a +0 animal skin
 o - a +0 ring mail (worn)
 t - a +0 helmet
Jewellery
 d - a ring of willpower
Talismans
 c - a beast talisman (active)
Wands
 s - a wand of charming (6)
Scrolls
 f - 3 scrolls of identify {unknown}
 h - a scroll of revelation {unknown}
 k - a scroll of vulnerability {unknown}
 l - a scroll of enchant armour {unknown}
 n - a scroll of blinking {unknown}
Potions
 b - a potion of lignification
 e - 3 potions of curing {unknown}
 g - 2 potions of might {unknown}
 i - a potion of magic {unknown}
 j - a potion of degeneration {unknown}
 m - a potion of enlightenment {unknown}
 p - a potion of invisibility {unknown}


   Skills:
 + Level 3.0 Fighting
 + Level 2.2 Short Blades
 + Level 1.6 Long Blades
 + Level 1.6 Axes
 + Level 1.6 Maces & Flails
 + Level 1.6 Polearms
 + Level 1.6 Staves
 + Level 1.6 Ranged Weapons
 + Level 1.6 Throwing
 + Level 1.6 Armour
 + Level 4.8 Dodging
 + Level 1.6 Stealth
 + Level 1.6 Shields
 + Level 6.7 Unarmed Combat
 + Level 1.6 Spellcasting
 + Level 1.3 Conjurations
 + Level 1.3 Hexes
 + Level 1.3 Summonings
 + Level 1.3 Necromancy
 + Level 1.3 Translocations
 + Level 1.3 Transmutations
 + Level 1.3 Fire Magic
 + Level 1.3 Ice Magic
 + Level 1.3 Air Magic
 + Level 1.3 Earth Magic
 + Level 1.3 Poison Magic
 + Level 1.8 Invocations
 + Level 1.6 Evocations
 + Level 6.6 Shapeshifting


You had 7 spell levels left.
You didn't know any spells.
Your spell library contained the following spells:

 Spells                   Type           Power      Damage    Failure   Level
 Magic Dart               Conj           8%         1d3       41%         1
 Searing Ray              Conj           4%         2d4       56%         2
 Fulminant Prism          Conj/Hex       1%         3d5       99%         4


Dungeon Overview and Level Annotations

Branches:
Dungeon (3/15)

Altars:

Annotations:
D:3 Natasha


Innate Abilities, Weirdness & Mutations

You are a hulking beast.
Your limbs bulge with bestial killing power. (Slay +4)
You have very sharp teeth.
Your uncanny sense of smell can sniff out nearby items.
Your experience applies equally to all skills.


Message History

The kobold shouts!
Natasha, Servant of Life and Death comes into view.
An orc and an orc priest come into view.
The orc priest shouts!
An orc priest comes into view. It is wielding a +0 club.
The orc priest shouts!
The kobold misses you.
You hit the kobold.
The kobold is severely wounded.
The kobold closely misses you.
You hit Natasha but do no damage. You bite Natasha.
Natasha is lightly wounded.
You closely miss the kobold.
Natasha casts a spell.
The kobold closely misses you.
Unknown command.
You slash Natasha!
Natasha is almost dead.
You closely miss the kobold. Natasha claws you.
The kobold hits you but does no damage.
You miss Natasha.
Natasha is almost dead.
You hit the kobold.
You kill the kobold!
Natasha claws you!
The orc priest mumbles some strange prayers to Beogh against you.
Beogh smites you!
* * * LOW HITPOINT WARNING * * *
The orc priest looks satisfied for a moment.
The cerulean imp hits you from afar with a +2 spear.
* * * LOW HITPOINT WARNING * * *
Natasha stares at you and mumbles some strange words.
The magic dart hits you.
* * * LOW HITPOINT WARNING * * *
You hit Natasha.
You feel better.
Natasha is almost dead.
You hit the orc.
You feel better. The orc hits you but does no damage.
The orc priest invokes the aid of Beogh against you.
Beogh smites you!
You die...

#.# ............# #.#
#..# #.# ###.....######
#.# #... #.#
####.......# #. #.##
#.# #.#####.# #..
#.###########.# ### .##
#.............# ....
############### ∆.....
###############o.....
..............ho.o....
#..........#####h5.....
#
#................#####'
# #..........######.. ∆
# #......(...........
######
#....[......).....##
#.....
#..........######## ∆
#..... #..........+ ##
#..... #........### .
####..


You could see 2 orc priests, Natasha, a cerulean imp (summoned) and an orc.

Vanquished Creatures
  A hound (D:2)
  Natasha (twice) (D:3)
  Robin (D:3)
  3 adders (D:3)
  A worm (D:3)
  2 dart slugs (D:1)
  2 orcs (D:3)
  8 endoplasms
  3 giant cockroaches (D:2)
  12 goblins
  4 hobgoblins
  7 kobolds
  A quokka (D:1)
  5 ball pythons
  4 bats (D:1)
  2 frilled lizards (D:1)
  5 rats
63 creatures vanquished.

Notes
Turn   | Place    | Note
-------+----------+-------------------------------------------
     0 | D:1      | Shayle the Gnoll Shapeshifter began the quest for the Orb.
     0 | D:1      | Reached XP level 1. HP: 17/17 MP: 1/1
    76 | D:1      | Reached XP level 2. HP: 23/23 MP: 2/2
   449 | D:1      | Reached XP level 3. HP: 28/28 MP: 3/3
  1231 | D:2      | Reached skill level 1 in Short Blades
  1231 | D:2      | Reached skill level 1 in Invocations
  1625 | D:2      | Reached skill level 1 in Long Blades
  1625 | D:2      | Reached skill level 1 in Axes
  1625 | D:2      | Reached skill level 1 in Maces & Flails
  1625 | D:2      | Reached skill level 1 in Polearms
  1625 | D:2      | Reached skill level 1 in Staves
  1625 | D:2      | Reached skill level 1 in Ranged Weapons
  1625 | D:2      | Reached skill level 1 in Throwing
  1625 | D:2      | Reached skill level 1 in Armour
  1625 | D:2      | Reached skill level 1 in Stealth
  1625 | D:2      | Reached skill level 1 in Shields
  1625 | D:2      | Reached skill level 1 in Spellcasting
  1625 | D:2      | Reached skill level 1 in Evocations
  1625 | D:2      | Reached XP level 4. HP: 27/34 MP: 5/5
  1817 | D:3      | Noticed Natasha
  1823 | D:3      | Killed Natasha
  1824 | D:3      | Reached skill level 1 in Conjurations
  1824 | D:3      | Reached skill level 1 in Hexes
  1824 | D:3      | Reached skill level 1 in Summonings
  1824 | D:3      | Reached skill level 1 in Necromancy
  1824 | D:3      | Reached skill level 1 in Translocations
  1824 | D:3      | Reached skill level 1 in Transmutations
  1824 | D:3      | Reached skill level 1 in Fire Magic
  1824 | D:3      | Reached skill level 1 in Ice Magic
  1824 | D:3      | Reached skill level 1 in Air Magic
  1824 | D:3      | Reached skill level 1 in Earth Magic
  1824 | D:3      | Reached skill level 1 in Poison Magic
  1865 | D:3      | Reached XP level 5. HP: 40/40 MP: 5/7
  2050 | D:3      | Noticed Natasha
  2055 | D:3      | Killed Natasha
  2144 | D:3      | Noticed Robin
  2159 | D:3      | Killed Robin
  2231 | D:3      | Noticed Natasha
  2238 | D:3      | Killed from afar by an orc priest

Illustrated notes

Levels and vault maps discovered:
D:1:      dpeg_arrival_shelter, layout_loops_corners
D:2:      layout_loops_corners
D:3:      layout_basic, nicolae_houndstooth_variations, uniq_robin, uniq_natasha

Skill      XL: |  1  2  3  4  5 |
---------------+----------------+-----
Short Blades   | 1 2 |  2.2
Invocations    | 1 |  1.8
Long Blades    | 1 |  1.6
Axes           | 1 |  1.6
Maces & Flails | 1 |  1.6
Polearms       | 1 |  1.6
Staves         | 1 |  1.6
Ranged Weapons | 1 |  1.6
Throwing       | 1 |  1.6
Armour         | 1 |  1.6
Stealth        | 1 |  1.6
Shields        | 1 |  1.6
Spellcasting   | 1 |  1.6
Evocations     | 1 |  1.6
Conjurations   | 1 |  1.3
Hexes          | 1 |  1.3
Summonings     | 1 |  1.3
Necromancy     | 1 |  1.3
Translocations | 1 |  1.3
Transmutations | 1 |  1.3
Fire Magic     | 1 |  1.3
Ice Magic      | 1 |  1.3
Air Magic      | 1 |  1.3
Earth Magic    | 1 |  1.3
Poison Magic   | 1 |  1.3
Fighting       | 3 |  3.0
Dodging        | |  4.8
Unarmed Combat | |  6.7
Shapeshifting  | |  6.6

Action                     |  1- 3 |  4- 6 || total
---------------------------+-------+-------++-------
  Melee: Unarmed           |    72 |     1 ||    73
         Punch             |     2 |     2 ||     4
         Bite              |     7 |     5 ||    12
         Hand axe          |       |    58 ||    58
   Stab: Sleeping          |     4 |       ||     4
 Armour: Animal skin       |     8 |       ||     8
         Ring mail         |       |    25 ||    25
  Dodge: Dodged            |    53 |    29 ||    82

Table legend: (Time is in decaauts)
 A = Elapsed time spent in this place.
 B = Non-inter-level travel time spent in this place.
 C = Inter-level travel time spent in this place.
 D = Time resting spent in this place.
 E = Time spent auto-exploring this place.
 F = Levels seen in this place.
 G = Mean time per level.
                   A        B        C        D        E       F      G
               +--------+--------+--------+--------+--------+-----+--------+
         Total |   2247 |   2183 |     64 |     58 |   1616 |   3 |  749.0 |
       Dungeon |   2247 |   2183 |     64 |     58 |   1616 |   3 |  749.0 |
               +--------+--------+--------+--------+--------+-----+--------+

Top non-repeatable levels by time:
     D:1: 906 daAuts
     D:2: 870 daAuts
     D:3: 470 daAuts
